 Dungeon Crawl Stone Soup version 0.18-a0-1805-g8ab820f (webtiles) character file.

53 juanjsm the Stinger (level 3, 0/16 HPs)
             Began as a Spriggan Venom Mage on Apr 25, 2016.
             Slain by a hobgoblin
             ... wielding a cursed -1 club
              (4 damage)
             ... on level 3 of the Dungeon.
             The game lasted 00:06:57 (1408 turns).

juanjsm the Stinger (Spriggan Venom Mage)           Turns: 1408, Time: 00:06:58

Health: 0/16       AC:  2    Str:  4    XL:     3   Next: 64%
Magic:  1/8        EV: 19    Int: 17    God:
Gold:   113        SH:  0    Dex: 16    Spells: 2 memorised, 5 levels left

rFire  . . .     SeeInvis +     f - +0 dagger
rCold  . . .     Gourm    .     a - +0 robe
rNeg   . . .     Faith    .     (shield restricted)
rPois  .         Spirit   .     (helmet restricted)
rElec  .         Dismiss  .     (no cloak)
rCorr  .         Reflect  .     (gloves unavailable)
SustAt .         Harm     .     (boots unavailable)
MR     .....                    (no amulet)
Stlth  +++.......               (no ring)
                                (no ring)

@: very slightly contaminated, very quick, not resistant to hostile
enchantments, fairly stealthy
A: unfitting armour, see invisible, herbivore 3, speed 3, slow metabolism 2
a: no special abilities


You were on level 3 of the Dungeon.
You were not hungry.

You visited 1 branch of the dungeon, and saw 4 of its levels.

You collected 113 gold pieces.

Inventory:

Hand Weapons
 f - a +0 dagger (weapon)
 g - a +0 hunting sling
Armour
 a - a +0 robe (worn)
Scrolls
 d - a scroll of identify {unknown}
 e - a scroll of teleportation {unknown}
 i - a scroll of enchant weapon {unknown}
 j - a scroll of remove curse {unknown}
 k - a scroll of blinking {unknown}
Books
 b - a Young Poisoner's Handbook

   Spells                             Type                      Level
   a - Sting                          Conjuration/Poison           1
   b - Cure Poison                    Poison                       2
   c - Mephitic Cloud                 Conjuration/Poison/Air       3
   d - Olgreb's Toxic Radiance        Poison                       4
   e - Venom Bolt                     Conjuration/Poison           5
 h - a book of Misfortune

   Spells                             Type                      Level
   a - Confusing Touch                Hexes                        2
   b - Confuse                        Hexes                        3
   c - Gell's Gravitas                Hexes/Translocation          3
   d - Petrify                        Transmutation/Earth          4
   e - Metabolic Englaciation         Hexes/Ice                    5
   f - Yara's Violent Unravelling     Hexes/Transmutation          5
Comestibles
 c - 2 bread rations


   Skills:
 + Level 0.1 Fighting
 + Level 4.0 Dodging
 + Level 3.4 Stealth
 + Level 3.4 Spellcasting
 + Level 0.2 Conjurations
 + Level 4.4 Poison Magic


You had 5 spell levels left.
You knew the following spells:

 Your Spells              Type           Power        Failure   Level  Hunger
a - Sting                 Conj/Pois      ##..         10%         1    None
b - Cure Poison           Pois           ###.......   4%          2    ##.....


Dungeon Overview and Level Annotations

Branches:
Dungeon (4/15)
 Temple: D:4-7

Altars:


Innate Abilities, Weirdness & Mutations

You are tiny and cannot use many weapons and most armour.
You have supernaturally acute eyesight.
You are a herbivore.
You cover ground extremely quickly.
You need consume almost no food.


Message History

The hobgoblin is moderately wounded.
You hit the hobgoblin.
The hobgoblin is almost dead.
The hobgoblin closely misses you.
You hit the hobgoblin but do no damage.
The hobgoblin is severely wounded.
The hobgoblin hits you with a club.
You barely miss the hobgoblin.
The hobgoblin is severely wounded.
The hobgoblin hits you with a club.
* * * LOW HITPOINT WARNING * * *
You are too injured to fight recklessly!
You are too injured to fight recklessly!
You hit the hobgoblin but do no damage.
The hobgoblin is severely wounded.
The hobgoblin barely misses you.
You closely miss the hobgoblin.
The hobgoblin is severely wounded.
The hobgoblin hits you with a club.
You die...

#..=##.# ## #...##.# .#
#...##.### ##.#
#...#.... ...#
#...#..########..#
#####...#..#......#..#
.......g...##.###.#..#..
#@.......<...<....
#.................
#######.#.#.#.....
#.#.#.###### #.#.#.#
#.#.#.# #.#.#.# ..#.#.#
..#.#


You could see a hobgoblin.

Vanquished Creatures
  A worker ant (D:3)
  A dart slug (D:2)
  A giant gecko (D:2)
  An orc (D:1)
  2 bats (D:1)
  2 giant cockroaches (D:1)
  3 goblins (D:1)
  4 hobgoblins (D:1)
  3 jackals (D:1)
  A kobold (D:2)
  A giant newt (D:3)
  5 rats
25 creatures vanquished.

Notes
Turn   | Place    | Note
--------------------------------------------------------------
     0 | D:1      | juanjsm the Spriggan Venom Mage began the quest for the Orb.
     0 | D:1      | Reached XP level 1. HP: 9/9 MP: 5/5
   271 | D:1      | Reached XP level 2. HP: 8/13 MP: 2/6
   275 | D:1      | Learned a level 2 spell: Cure Poison
  1081 | D:2      | Reached XP level 3. HP: 16/16 MP: 8/8
  1408 | D:3      | Slain by a hobgoblin

Vault maps used:
D:1:      wheals_arrival_shading
D:2:      kennysheep_the_goblin_king, gammafunk_temple_overflow_elements
D:3:      old_standard_altar, grunt_gozag_breadcrumbs, portal_sewer_entry_c,
          uniq_natasha, uniq_grinder, uniq_iyjb
D:4:      grunt_qazlal_clouds, serial_shops, shop, nicolae_tso_besieged_by_evil,
          uniq_blork_the_orc

Skill      XL: |  1  2  3 |
---------------+----------+-----
Spellcasting   | 3 |  3.4
Dodging        | 4 |  4.0
Fighting       | |  0.1
Stealth        | |  3.4
Conjurations   | |  0.2
Poison Magic   | |  4.4

Action                   || total
-------------------------++-------
Melee: Unarmed           ||    30
       Dagger            ||    28
 Cast: Sting             ||    45
       Cure Poison       ||     2
 Stab: Sleeping          ||     5
       Distracted        ||     1
Armor: Robe              ||    10
Dodge: Dodged            ||    68
